MLB
CLEVELAND GUARDIANS @ MILWAUKEE BREWERS
08/30/2041
 
TOP OF THE 1ST
Cleveland Guardians batting - Pitching for Milwaukee Brewers : RHP Juan González
Pitching: RHP Juan González
Batting: LHB José Consiglio 0-0: Ball
1-0: Swinging Strike
1-1: Fly out, F8 (Line Drive, 8LD, EV 98.1 MPH)
Batting: RHB José Rodríguez 0-0: Swinging Strike
0-1: Ball
1-1: Ball
2-1: SINGLE (Groundball, 5D, EV 101.9 MPH) (infield hit)
Batting: RHB Jeff Jacobs 0-0: Ball
1-0: Swinging Strike
1-1: Swinging Strike
1-2: Foul Ball, location: 2F
1-2: Ball
2-2: Foul Ball, location: 3F
2-2: Strikes out swinging
Batting: LHB Jesús Garza 0-0: Ball
1-0: Called Strike
1-1: Ball
2-1: Swinging Strike
2-2: Foul Ball, location: 9LDF
2-2: Foul Ball, location: 2F
2-2: Foul Ball, location: 2F
2-2: Ball
3-2: 2-RUN HOME RUN (Flyball, 9D, EV 98.8 MPH), Distance : 375 ft
Batting: SHB Kevin Brackett 0-0: Ball
1-0: Ball
2-0: Called Strike
2-1: Ball
3-1: Base on Balls
Batting: LHB Stan Walton 0-0: Foul Ball, location: 5F
0-1: Called Strike
0-2: Ball
1-2: Ball
2-2: Foul Ball, location: 2F
2-2: Ball
3-2: Strikes out swinging
Top of the 1st over - 2 runs, 2 hits, 0 errors, 1 left on base; Cleveland 2 - Milwaukee 0
BOTTOM OF THE 1ST
Milwaukee Brewers batting - Pitching for Cleveland Guardians : RHP Mario Medina
Pitching: RHP Mario Medina
Batting: SHB José Hernández 0-0: Fly out, F7 (Flyball, 7LD, EV 105.6 MPH)
Batting: RHB Rico Rodríguez 0-0: Fly out, F3 (Line Drive, 34, EV 95.0 MPH)
Batting: RHB Pepe Franco 0-0: Ball
1-0: Ground out 6-3 (Groundball, 6, EV 80.6 MPH)
Bottom of the 1st over - 0 runs, 0 hits, 0 errors, 0 left on base; Cleveland 2 - Milwaukee 0
TOP OF THE 2ND
Cleveland Guardians batting - Pitching for Milwaukee Brewers : RHP Juan González
Batting: RHB Jorge Velázquez 0-0: Ball
1-0: Ball
2-0: Called Strike
2-1: Foul Ball, location: 9LMF
2-2: Foul Ball, location: 9LMF
2-2: Foul Ball, location: 3FF
2-2: Ball
3-2: Base on Balls
Batting: LHB Juan Morales 0-0: Ball
1-0: Called Strike
1-1: Foul Ball, location: 2F
1-2: Hit by Pitch
Jorge Velázquez to second
Batting: SHB Tim Webster 0-0: Ball
1-0: Called Strike
1-1: Ball
2-1: Foul Ball, location: 5DF
2-2: Fielders Choice at 2nd, 3-6 (Groundball, 34S, EV 78.8 MPH)
Jorge Velázquez to third
Batting: LHB José Consiglio 0-0: Ball
1-0: Ball
2-0: Fly out, F1 (Popup, 13, EV 76.3 MPH)
Batting: RHB José Rodríguez 0-0: Ground out 5-3 (Groundball, 56S, EV 67.5 MPH)
Top of the 2nd over - 0 runs, 0 hits, 0 errors, 2 left on base; Cleveland 2 - Milwaukee 0
BOTTOM OF THE 2ND
Milwaukee Brewers batting - Pitching for Cleveland Guardians : RHP Mario Medina
Batting: LHB Jorge Ramírez 0-0: Ball
1-0: Swinging Strike
1-1: Fly out, F7 (Flyball, 7, EV 85.6 MPH)
Batting: RHB Josh Forrest 0-0: Ball
1-0: Ball
2-0: Swinging Strike
2-1: Foul Ball, location: 2F
2-2: Fly out, F9 (Flyball, 9S, EV 85.6 MPH)
Batting: RHB José Cruz 0-0: Ball
1-0: Ball
2-0: Ball
3-0: Called Strike
3-1: Fly out, F9 (Flyball, 9, EV 93.8 MPH)
Bottom of the 2nd over - 0 runs, 0 hits, 0 errors, 0 left on base; Cleveland 2 - Milwaukee 0
TOP OF THE 3RD
Cleveland Guardians batting - Pitching for Milwaukee Brewers : RHP Juan González
Batting: RHB Jeff Jacobs 0-0: Ball
1-0: Foul Ball, location: 2F
1-1: Ball
2-1: Ball
3-1: Fly out, F8 (Flyball, 89S, EV 95.0 MPH)
Batting: LHB Jesús Garza 0-0: Foul Ball, location: 25F
0-1: Called Strike
0-2: Strikes out swinging
Batting: SHB Kevin Brackett 0-0: Ground out 3-1 (Groundball, 34S, EV 88.8 MPH)
Top of the 3rd over - 0 runs, 0 hits, 0 errors, 0 left on base; Cleveland 2 - Milwaukee 0
BOTTOM OF THE 3RD
Milwaukee Brewers batting - Pitching for Cleveland Guardians : RHP Mario Medina
Batting: LHB Dave Lynch 0-0: Ball
1-0: Ball
2-0: Called Strike
2-1: Ground out 3-1 (Groundball, 34S, EV 95.0 MPH)
Batting: RHB Juan Alvarado 0-0: Ball
1-0: Ground out 6-3 (Groundball, 6, EV 86.9 MPH)
Batting: SHB Jim Henderson Jr. 0-0: Ball
1-0: Ball
2-0: Called Strike
2-1: Swinging Strike
2-2: Ball
3-2: Base on Balls
Batting: SHB José Hernández 0-0: Foul Ball, location: 2F
0-1: Ball
1-1: Fielders Choice at 2nd, 5-4 (Groundball, 5, EV 81.3 MPH)
Bottom of the 3rd over - 0 runs, 0 hits, 0 errors, 1 left on base; Cleveland 2 - Milwaukee 0
TOP OF THE 4TH
Cleveland Guardians batting - Pitching for Milwaukee Brewers : RHP Juan González
Batting: LHB Stan Walton 0-0: Ball
1-0: Called Strike
1-1: Swinging Strike
1-2: TRIPLE (Line Drive, 89XD, EV 103.1 MPH)
Batting: RHB Jorge Velázquez 0-0: Called Strike
0-1: Ball
1-1: Called Strike
1-2: Ball
2-2: Ball
3-2: Foul Ball, location: 2LF
3-2: DOUBLE (Groundball, 5L, EV 106.3 MPH)
Stan Walton scores
Batting: LHB Juan Morales 0-0: Called Strike
0-1: Ball
1-1: Ball
2-1: Ball
3-1: Swinging Strike
3-2: Foul Ball, location: 7LDF
3-2: Fly out, F8 (Flyball, 78D, EV 104.4 MPH)
Batting: SHB Tim Webster 0-0: Ball
1-0: Ground out 4-3 (Groundball, 34, EV 101.9 MPH)
Jorge Velázquez to third
Batting: LHB José Consiglio 0-0: Ball
1-0: Ball
2-0: Called Strike
2-1: 2-RUN HOME RUN (Flyball, 8RXD, EV 103.1 MPH), Distance : 408 ft
Pitching: RHP Tomás Palácios
Batting: RHB José Rodríguez 0-0: Ground out 5-3 (Groundball, 5L, EV 77.5 MPH)
Top of the 4th over - 3 runs, 3 hits, 0 errors, 0 left on base; Cleveland 5 - Milwaukee 0
BOTTOM OF THE 4TH
Milwaukee Brewers batting - Pitching for Cleveland Guardians : RHP Mario Medina
Batting: RHB Rico Rodríguez 0-0: Ball
1-0: Foul Ball, location: 2F
1-1: Ball
2-1: Fly out, F9 (Line Drive, 89S, EV 96.3 MPH)
Batting: RHB Pepe Franco 0-0: Foul Ball, location: 2F
0-1: Ball
1-1: Swinging Strike
1-2: Strikes out swinging
Batting: LHB Jorge Ramírez 0-0: Foul Ball, location: 5SF
0-1: Ball
1-1: Ball
2-1: Called Strike
2-2: Ball
3-2: Base on Balls
Batting: RHB Josh Forrest 0-0: Called Strike
0-1: Ball
1-1: Swinging Strike
1-2: Ball
2-2: Foul Ball, location: 25F
2-2: Ground out 1-3 (Groundball, 15S, EV 75.0 MPH)
Bottom of the 4th over - 0 runs, 0 hits, 0 errors, 1 left on base; Cleveland 5 - Milwaukee 0
TOP OF THE 5TH
Cleveland Guardians batting - Pitching for Milwaukee Brewers : RHP Tomás Palácios
Batting: RHB Jeff Jacobs 0-0: Ball
1-0: Called Strike
1-1: Swinging Strike
1-2: Ball
2-2: Strikes out swinging
Batting: LHB Jesús Garza 0-0: Called Strike
0-1: Foul Ball, location: 3FF
0-2: Fly out, F8 (Flyball, 89D, EV 103.1 MPH)
Batting: SHB Kevin Brackett 0-0: Fly out, F8 (Flyball, 89D, EV 99.4 MPH)
Top of the 5th over - 0 runs, 0 hits, 0 errors, 0 left on base; Cleveland 5 - Milwaukee 0
BOTTOM OF THE 5TH
Milwaukee Brewers batting - Pitching for Cleveland Guardians : RHP Mario Medina
Batting: RHB José Cruz 0-0: Foul Ball, location: 3F
0-1: Ball
1-1: Foul Ball, location: 2F
1-2: Fly out, F8 (Flyball, 8LXD, EV 108.1 MPH)
Batting: LHB Dave Lynch 0-0: Ball
1-0: Ball
2-0: Foul Ball, location: 9LMF
2-1: Foul Ball, location: 7LSF
2-2: SINGLE (Line Drive, 9LS, EV 97.5 MPH)
Batting: RHB Juan Alvarado 0-0: Swinging Strike
0-1: Called Strike
0-2: Ball
1-2: Foul Ball, location: 9LMF
1-2: Foul Ball, location: 3F
1-2: Fly out, F4 (Popup, 3L, EV 71.9 MPH)
Batting: SHB Jim Henderson Jr. 0-0: SINGLE (Line Drive, 9S, EV 89.4 MPH)
Dave Lynch to second
Runner from 2nd tries for 3rd, SAFE, throw by RF made to third
Batting: SHB José Hernández 0-0: Ball
1-0: Ball
2-0: Ball
3-0: Called Strike
3-1: TRIPLE (Line Drive, 9LD, EV 110.0 MPH)
Dave Lynch scores
Jim Henderson Jr. scores
Batting: RHB Rico Rodríguez 0-0: Ball
1-0: Foul Ball, location: 5F
1-1: Ground out 6-3 (Groundball, 56, EV 86.3 MPH)
Bottom of the 5th over - 2 runs, 3 hits, 0 errors, 1 left on base; Cleveland 5 - Milwaukee 2
TOP OF THE 6TH
Cleveland Guardians batting - Pitching for Milwaukee Brewers : RHP Tomás Palácios
Batting: LHB Stan Walton 0-0: Called Strike
0-1: Ground out U3 (Groundball, 3, EV 100.0 MPH)
Batting: RHB Jorge Velázquez 0-0: Called Strike
0-1: Ball
1-1: Called Strike
1-2: DOUBLE (Flyball, 78D, EV 109.4 MPH)
Batting: LHB Juan Morales 0-0: Called Strike
0-1: Swinging Strike
0-2: Foul Ball, location: 7LDF
0-2: Ball
1-2: DOUBLE (Flyball, 78XD, EV 100.0 MPH)
Jorge Velázquez scores
Batting: SHB Tim Webster 0-0: Ball
1-0: Called Strike
1-1: Swinging Strike
1-2: Strikes out swinging
Batting: LHB José Consiglio 0-0: Called Strike
0-1: Foul Ball, location: 3SF
0-2: Ground out 4-3 (Groundball, 4, EV 107.5 MPH)
Top of the 6th over - 1 run, 2 hits, 0 errors, 1 left on base; Cleveland 6 - Milwaukee 2
BOTTOM OF THE 6TH
Milwaukee Brewers batting - Pitching for Cleveland Guardians : RHP Mario Medina
Batting: RHB Pepe Franco 0-0: Ball
1-0: Foul Ball, location: 23FF
1-1: Swinging Strike
1-2: Strikes out swinging
Batting: LHB Jorge Ramírez 0-0: Ball
1-0: Ball
2-0: Ground out 4-3 (Groundball, 4S, EV 91.3 MPH)
Batting: RHB Josh Forrest 0-0: Foul Ball, location: 3SF
0-1: Called Strike
0-2: Ball
1-2: SINGLE (Groundball, 6MD, EV 110.0 MPH)
Batting: RHB José Cruz 0-0: Ball
1-0: Ball
2-0: Ball
3-0: Called Strike
3-1: Fly out, F7 (Flyball, 7, EV 94.4 MPH)
Bottom of the 6th over - 0 runs, 1 hit, 0 errors, 1 left on base; Cleveland 6 - Milwaukee 2
TOP OF THE 7TH
Cleveland Guardians batting - Pitching for Milwaukee Brewers : RHP Tomás Palácios
Batting: RHB José Rodríguez 0-0: Ball
1-0: Ball
2-0: Ground out 6-3 (Groundball, 6, EV 78.1 MPH)
Batting: RHB Jeff Jacobs 0-0: Ball
1-0: Ball
2-0: Foul Ball, location: 2F
2-1: Swinging Strike
2-2: Foul Ball, location: 2F
2-2: Foul Ball, location: 9LSF
2-2: Strikes out looking
Batting: LHB Jesús Garza 0-0: Ground out 4-3 (Groundball, 4, EV 82.5 MPH)
Top of the 7th over - 0 runs, 0 hits, 0 errors, 0 left on base; Cleveland 6 - Milwaukee 2
BOTTOM OF THE 7TH
Milwaukee Brewers batting - Pitching for Cleveland Guardians : RHP Mario Medina
Batting: LHB Dave Lynch 0-0: Ball
1-0: SINGLE (Line Drive, 6M, EV 97.5 MPH)
Batting: RHB Juan Alvarado 0-0: Foul Ball, location: 9LSF
0-1: Foul Ball, location: 2F
0-2: Strikes out swinging
Batting: SHB Jim Henderson Jr. 0-0: Ball
1-0: Fly out, F8 (Flyball, 8RS, EV 98.1 MPH)
Batting: SHB José Hernández 0-0: Ball
1-0: Called Strike
1-1: Ball
2-1: Ground out 4-3 (Groundball, 3D, EV 81.9 MPH)
Bottom of the 7th over - 0 runs, 1 hit, 0 errors, 1 left on base; Cleveland 6 - Milwaukee 2
TOP OF THE 8TH
Cleveland Guardians batting - Pitching for Milwaukee Brewers : RHP Tomás Palácios
Batting: SHB Kevin Brackett 0-0: Fly out, F3 (Popup, 34, EV 63.1 MPH)
Batting: LHB Stan Walton 0-0: Fly out, F9 (Flyball, 9D, EV 99.4 MPH)
Batting: RHB Jorge Velázquez 0-0: Called Strike
0-1: Foul Ball, location: 25FF
0-2: Ball
1-2: Strikes out looking
Top of the 8th over - 0 runs, 0 hits, 0 errors, 0 left on base; Cleveland 6 - Milwaukee 2
BOTTOM OF THE 8TH
Milwaukee Brewers batting - Pitching for Cleveland Guardians : RHP Mario Medina
Batting: RHB Rico Rodríguez 0-0: Ball
1-0: Swinging Strike
1-1: Ground out 4-3 (Groundball, 4, EV 98.1 MPH)
Batting: RHB Pepe Franco 0-0: Called Strike
0-1: Swinging Strike
0-2: Ball
1-2: SINGLE (Line Drive, 78S, EV 93.8 MPH)
Batting: LHB Jorge Ramírez 0-0: Called Strike
0-1: Ball
1-1: Fly out, F6 (Popup, 4MD, EV 65.0 MPH)
Batting: RHB Josh Forrest 0-0: Swinging Strike
0-1: Ball
1-1: Fly out, F9 (Line Drive, 9S, EV 84.4 MPH)
Bottom of the 8th over - 0 runs, 1 hit, 0 errors, 1 left on base; Cleveland 6 - Milwaukee 2
TOP OF THE 9TH
Cleveland Guardians batting - Pitching for Milwaukee Brewers : RHP Tomás Palácios
Batting: LHB Juan Morales 0-0: Ball
1-0: Fly out, F6 (Popup, P, EV 78.1 MPH)
Batting: SHB Tim Webster 0-0: Foul Ball, location: 7LSF
0-1: Swinging Strike
0-2: Ball
1-2: Ball
2-2: Foul Ball, location: 7LDF
2-2: Foul Ball, location: 3SF
2-2: Strikes out swinging
Batting: LHB José Consiglio 0-0: Foul Ball, location: 7LMFF
0-1: Ball
1-1: Ball
2-1: Ground out 6-3 (Groundball, 6MS, EV 65.6 MPH)
Top of the 9th over - 0 runs, 0 hits, 0 errors, 0 left on base; Cleveland 6 - Milwaukee 2
BOTTOM OF THE 9TH
Milwaukee Brewers batting - Pitching for Cleveland Guardians : RHP Mario Medina
Batting: RHB José Cruz 0-0: Called Strike
0-1: Swinging Strike
0-2: Ball
1-2: Ground out 5-3 (Groundball, 56, EV 100.6 MPH)
Batting: LHB Dave Lynch 0-0: Fly out, F9 (Flyball, 9, EV 90.6 MPH)
Batting: RHB Juan Alvarado 0-0: Called Strike
0-1: Ground out 4-3 (Groundball, 4, EV 101.3 MPH)
Bottom of the 9th over - 0 runs, 0 hits, 0 errors, 0 left on base; Cleveland 6 - Milwaukee 2
Sunday, March 24th , 2024 - OOTP Baseball 24.10 Build 82